 Dungeon Crawl Stone Soup version 0.30-a0-39-g42789b21ef (webtiles) character file.

Game seed: 15401113834613473943

2 drugrobin the Sneak (level 1, -2/18 HPs)
             Began as a Demigod Delver on Aug 29, 2022.
             Slain by a scorpion zombie (4 damage)
             ... in an ossuary.
             The game lasted 00:01:19 (143 turns).

drugrobin the Sneak (Demigod Delver)                 Turns: 143, Time: 00:01:20

Health: -2/18      AC:  3    Str: 13    XL:     1   Next: 26%
Magic:  3/3        EV: 11    Int: 12    God:
Gold:   0          SH:  0    Dex: 15    Spells: 0/0 levels left

rFire   . . .      SeeInvis .    a - +0 short sword
rCold   . . .      Faith    .    (no shield)
rNeg    . . .      Spirit   .    b - +0 leather armour
rPois   .          Reflect  .    (no helmet)
rElec   .          Harm     .    (no cloak)
rCorr   .          Rampage  .    (no gloves)
Will    .....                    (no boots)
Stlth   +++.......               (no amulet)
HPRegen 0.06/turn                (no ring)
MPRegen 0.08/turn                (no ring)

@: attractive
A: high MP 1, forlorn, divine attributes
a: no special abilities


You were in an ossuary.
You visited 1 branch of the dungeon, and saw 1 of its levels.
You also visited: Ossuary.

Inventory:

Hand Weapons
 a - a +0 short sword (weapon)
Armour
 b - a +0 leather armour (worn)
Wands
 g - a wand of digging (1)
Scrolls
 c - a scroll of fog
 d - a scroll of magic mapping
Potions
 f - a potion of haste


   Skills:
 + Level 2.6 Fighting
 * Level 2.0 Short Blades
 - Level 1.7 Dodging
 - Level 4.5 Stealth


You couldn't memorise any spells.
You didn't know any spells.
Your spell library was empty.

Dungeon Overview and Level Annotations

Branches:
Dungeon (5/15)            Ossuary (1/1)
 Temple: D:4-7


Innate Abilities, Weirdness & Mutations

You have an increased reservoir of magic. (+10% MP)
You shall have no god before yourself.
Your divine heritage dramatically boosts your attributes as you level up.


Message History

The human zombie hits you.
There is an open door here.
There is an empty arch of ancient stone here.
The human zombie hits you but does no damage.
There is an open door here.
There is an open door here.
As you open the door, it creaks loudly!
Found a scroll labelled FYUNOIPP FIERI.
Unknown command.
Found a sedimented sapphire potion, a clear potion and a fizzy brown potion.
There is an open door here.
You close the door.
You open the door.
A scorpion zombie comes into view.
Unknown command.
A scorpion comes into view.
There is an open door here.
Unknown command.
You close the door.
An orc zombie comes into view.
Unknown command.
The scorpion zombie misses you. The scorpion zombie hits you.
You hit the scorpion zombie but do no damage.
The scorpion zombie hits you.
* * * LOW HITPOINT WARNING * * *
You hit the scorpion zombie.
The scorpion zombie is lightly damaged.
The scorpion zombie hits you.
* * * LOW HITPOINT WARNING * * *
Unknown command.
You barely miss the scorpion zombie.
The scorpion zombie is lightly damaged.
The scorpion zombie hits you.
* * * LOW HITPOINT WARNING * * *
Unknown command.
It was a potion of attraction.
You feel attractive to monsters. The scorpion zombie hits you.
You die...

#####################
#...#...#...#...#.?!#
#.∩.#...8...+...#..!+
#...#.......#...#M.!#
##'###8...8###+######
#...#.......#..@#Z..#
#.∩.'...8...#.Z.8...#
#...#...#...#.......#
##############8...8##
.......# +...8..s#
#...#...# #########


You could see a scorpion and a scorpion zombie.

Vanquished Creatures
  A dart slug (D:5)
1 creature vanquished.

Notes
Turn   | Place    | Note
-------+----------+-------------------------------------------
     0 | D:5      | drugrobin the Demigod Delver began the quest for the Orb.
     0 | D:5      | Reached XP level 1. HP: 18/18 MP: 3/3
    45 | D:5      | Noticed an ice beast
    64 | D:5      | Found a sand-covered staircase.
    71 | Ossuary  | Entered an ossuary
   134 | Ossuary  | Noticed a scorpion
   143 | Ossuary  | Slain by a scorpion zombie

Illustrated notes

Levels and vault maps discovered:
D:5:      layout_loops_ring, general_overflow_altar,
          chequers_ossuary_entry_cave, cheibrodos_sewer_entry_drain
Ossuary:  ossuary_minmay_scorpions

Skill      XL: |  1 |
---------------+----+-----
Short Blades   | 2 |  2.0
Fighting       | |  2.6
Dodging        | |  1.7
Stealth        | |  4.5

Action                   || total
-------------------------++-------
Melee: Short sword       ||    10
Evoke: Wand              ||     2
  Use: Scroll            ||     1
       Potion            ||     1
 Stab: Sleeping          ||     1
Armor: Leather armour    ||     1
Dodge: Dodged            ||     3

Table legend: (Time is in decaauts)
 A = Elapsed time spent in this place.
 B = Non-inter-level travel time spent in this place.
 C = Inter-level travel time spent in this place.
 D = Time resting spent in this place.
 E = Time spent auto-exploring this place.
 F = Levels seen in this place.
 G = Mean time per level.
                   A        B        C        D        E       F      G
               +--------+--------+--------+--------+--------+-----+--------+
         Total |    142 |    142 |      0 |      0 |      0 |   2 |   71.0 |
       Dungeon |     71 |     71 |      0 |      0 |      0 |   1 |   71.0 |
       Ossuary |     71 |     71 |      0 |      0 |      0 |   1 |   71.0 |
               +--------+--------+--------+--------+--------+-----+--------+

Top non-repeatable levels by time:
 Ossuary: 71 daAuts
     D:5: 71 daAuts
